 Dungeon Crawl Stone Soup version 0.18-a0-1267-gff090c1 (webtiles) character file.

269639 ipx the Bludgeoner (level 21, 113/165 HPs)
             Began as a Human Assassin on Feb 5, 2016.
             Was an Initiate of Gozag.
             Quit the game on level 2 of the Vaults on Feb 6, 2016.
             The game lasted 05:57:14 (25906 turns).

ipx the Bludgeoner (Human Assassin)                Turns: 25906, Time: 05:57:14

Health: 113/165    AC: 34    Str: 14    XL:     21   Next: 3%
Magic:  28/34      EV: 17    Int: 16    God:    Gozag
Gold:   627        SH:  0    Dex: 25    Spells: 10 memorised, 8 levels left

rFire  + + .     SeeInvis +     G - +5 morningstar "Transmigrator" {speed, rPois rF+ rC- Dex+5}
rCold  x . .     Gourm    .     B - +11 chain mail of Ihalyph {-Tele Slay+2 Stlth+}
rNeg   . . .     Faith    .     (no shield)
rPois  +         Spirit   .     U - +0 helmet "Reotisot" {rElec rF+ Int-5 Slay+3}
rElec  +         Dismiss  .     H - +2 cloak {rPois}
rCorr  .         Reflect  .     j - +2 pair of gloves {Dex+3}
SustAt .         Harm     .     W - +0 pair of boots of Ofivixul {rPois Int+4}
MR     ++...     NoTele   +     r - amulet of regeneration
Stlth  ++........               v - ring of see invisible
                                m - ring of protection from magic

@: gold aura, very resistant to hostile enchantments, unstealthy
A: hooves 1
a: Potion Petition, Call Merchant, Bribe Branch, Renounce Religion
}: 2/15 runes: barnacled, gossamer


You were on level 2 of the Vaults.
You worshipped Gozag.
Gozag was noncommittal.
You were not hungry.

You visited 8 branches of the dungeon, and saw 39 of its levels.

You collected 14079 gold pieces.
You spent 5717 gold pieces at shops.
You paid 7735 gold pieces to Gozag.

Inventory:

Hand Weapons
 i - the +1 eveningstar "Brilliance" {holy, rN+ AC+5 Int+5}
   (You took it off a deep elf death mage on level 3 of the Elven Halls)

   It has been blessed by the Shining One to cause great damage to the undead
   and demons.
   It affects your AC (+5).
   It affects your intelligence (+5).
   It protects you from negative energy.
 G - the +5 morningstar "Transmigrator" (weapon) {speed, rPois rF+ rC- Dex+5}
   (You found it on level 3 of the Elven Halls)

   Attacks with this weapon are significantly faster.
   It affects your dexterity (+5).
   It protects you from fire.
   It makes you vulnerable to cold.
   It protects you from poison.
Armour
 c - the +5 chain mail of Ysac {rElec Str+4}
   (You found it on level 3 of the Elven Halls)

   It affects your strength (+4).
   It insulates you from electricity.
 j - a +2 pair of gloves of dexterity (worn)
 B - the +11 chain mail of Ihalyph (worn) {-Tele Slay+2 Stlth+}
   (You bought it in a shop on level 5 of the Lair of Beasts)

   It affects your accuracy and damage with ranged weapons and melee attacks
   (+2).
   It prevents most forms of teleportation.
   It makes you more stealthy.
 D - a +0 steam dragon armour
 H - a +2 cloak of poison resistance (worn)
 U - the +0 helmet "Reotisot" (worn) {rElec rF+ Int-5 Slay+3}
   (You bought it in a shop on level 14 of the Dungeon)

   It affects your intelligence (-5).
   It affects your accuracy and damage with ranged weapons and melee attacks
   (+3).
   It protects you from fire.
   It insulates you from electricity.
 W - the +0 pair of boots of Ofivixul (worn) {rPois Int+4}
   (You bought it in a shop on level 14 of the Dungeon)

   It affects your intelligence (+4).
   It protects you from poison.
Jewellery
 f - the ring of Heqat {rF+ MR+}
   (You bought it in a shop on level 2 of the Orcish Mines)

   [ring of protection from fire]

   It protects you from fire.
   It affects your resistance to hostile enchantments.
 h - an uncursed ring of resist corrosion
 l - an uncursed ring of flight
 m - a ring of protection from magic (left hand)
 n - an uncursed ring of protection from cold
 o - a +4 ring of protection
 p - an uncursed ring of poison resistance
 r - an amulet of regeneration (around neck)
 v - a ring of see invisible (right hand)
 w - an uncursed ring of wizardry
 A - an uncursed ring of sustain attributes
Wands
 q - a wand of teleportation (8/9)
Scrolls
 a - a scroll of holy word
 d - a scroll of recharging
 t - a scroll of blinking
 u - 6 scrolls of remove curse
 x - 5 scrolls of enchant weapon
 z - a scroll of magic mapping
 N - 4 scrolls of immolation
 O - 4 scrolls of teleportation
 P - 5 scrolls of enchant armour
 V - a scroll of identify
 X - 2 scrolls of amnesia
Potions
 e - a potion of mutation {unknown}
 k - a potion of cure mutation
 E - 3 potions of ambrosia
 J - 3 potions of flight
 K - 6 potions of magic
 L - 2 potions of might
 M - 2 potions of haste
 Q - 6 potions of curing
 S - a potion of cancellation {unknown}
 Y - 5 potions of resistance
 Z - 2 potions of brilliance
Books
 C - an Akashic Record

   Spells                             Type                      Level
   a - Dispersal                      Translocation                6
   b - Malign Gateway                 Summoning/Translocation      7
   c - Disjunction                    Translocation                8
   d - Controlled Blink               Translocation                8
Miscellaneous
 b - a fan of gales
 g - a lamp of fire
 s - a box of beasts {used: 3}
 R - a legendary deck of defence {the Shaft}
 T - a sack of spiders {used: 13}
Comestibles
 y - 4 bread rations
 F - 17 fruits
 I - 16 meat rations


   Skills:
 - Level 14.0 Fighting
   Level 2.0 Short Blades
 * Level 17.8 Maces & Flails
 - Level 2.0 Throwing
 - Level 14.0 Armour
 + Level 14.5 Dodging
 - Level 5.2 Stealth
 - Level 9.1 Spellcasting
 + Level 12.7 Translocations
 - Level 10.0 Evocations


You had 8 spell levels left.
You knew the following spells:

 Your Spells              Type           Power        Failure   Level  Hunger
a - Swiftness             Chrm/Air       #.......     99%         2    None
b - Passwall              Trmt/Erth      #.........   99%         2    None
c - Condensation Shield   Ice            #.........   100%        4    ###....
d - Regeneration          Chrm/Necr      #.........   100%        3    #......
e - Silence               Hex/Air        #.........   100%        5    #####..
f - Phase Shift           Tloc           #####.....   17%         5    #####..
g - Passage of Golubria   Tloc           N/A          6%          4    ###....
h - Sublimation of Blood  Necr           #.........   99%         2    None
i - Repel Missiles        Chrm/Air       #.....       99%         2    None
z - Apportation           Tloc           #####.....   1%          1    None


Dungeon Overview and Level Annotations

Branches:
Dungeon (15/15)            Temple (1/1) D:6            Lair (8/8) D:10
 Shoals (4/4) Lair:4       Spider (4/4) Lair:5        Slime (0/6) Lair:6
    Orc (2/2) D:12            Elf (3/3) Orc:2        Vaults (2/5) D:13
 Depths (0/5) D:15
  Crypt: Vaults:2-3

Altars:
Ashenzari
Dithmenos
Elyvilon
Fedhas
Gozag
Kikubaaqudgha
Makhleb
Nemelex Xobeh
Okawaru
Pakellas
Qazlal
Ru
Sif Muna
Zin
The Shining One
Beogh

Shops:
D:8 [   D:14 ![   Orc:2 =*!(   Elf:1 (   Lair:5 [

Annotations:
D:3 Grinder, Natasha
D:11 namelastname112's ghost, journeyman DrGl
D:12 Erolcha
D:15 1 runed door
Lair:2 Lathuz's ghost, journeyman TrMo
Spider:2 fucking annoying bastards
Spider:3 Wiglaf
Elf:2 1 runed door
Vaults:2 kroki's ghost, adept MiBe


Innate Abilities, Weirdness & Mutations

You have large cloven feet.


Message History

The ironbrand convoker is moderately wounded.
You hit the ironbrand convoker.
The ironbrand convoker is moderately wounded.
The ironbrand convoker begins to recite a word of recall!
You bludgeon the ironbrand convoker!!
You kill the ironbrand convoker!
You now have 627 gold pieces (gained 7).
Things that are here:
a morningstar; a ring mail You are feeling very hungry.
Eat which item? (? for menu, Esc to quit)
You continue eating. x2
You finish eating.
That bread ration really hit the spot!
Char dumped successfully.
Saving game... please wait.
Level annotation: kroki's ghost, adept MiBe Welcome back, ipx the Human Assassin.
Gozag says: Greed is good.
Press ? for a list of commands and other information.
Are you sure you want to abandon this character and quit the game? (Confirm with "yes".)

#########
#.......#
#...[@..#
#...<...#
#.......#
#.......#
+.......#
######++#


There were no monsters in sight!

Vanquished Creatures
  5 deep elf blademasters (Elf:3)
  3 deep elf master archers (Elf:3)
  A kraken (Shoals:4)
  Kirke (Shoals:2)
  Ilsuiw (Shoals:4)
  A vault warden (Vaults:2)
  7 deep elf sorcerers
  8 emperor scorpions (Spider:4)
  3 ghost moths (Spider:4)
  An orc warlord (Orc:2)
  An ironheart preserver (Vaults:2)
  Aizul (Elf:3)
  3 deep elf elementalists (Elf:3)
  A stone giant (Vaults:2)
  2 deep elf demonologists (Elf:3)
  4 deep elf annihilators
  Snorg (D:12)
  3 merfolk javelineers (Shoals:4)
  An ettin (Vaults:1)
  A vault guard (Vaults:2)
  4 deep elf death magi
  5 merfolk impalers
  2 fire dragons
  A yaktaur captain (Vaults:1)
  A great orb of eyes (Vaults:2)
  A deep elf high priest (Elf:3)
  10 hydras
  3 ice dragons
  An entropy weaver (Spider:4)
  8 centaur warriors
  7 merfolk aquamancers
  2 satyrs
  3 catoblepae (Lair:8)
  2 death knights
  4 ogre magi
  9 death yaks
  A tengu warrior (D:15)
  5 orc high priests
  12 deep elf knights
  A fire crab (Vaults:2)
  A skeletal warrior (Vaults:2)
  2 shadow wraiths (Vaults:2)
  A giant orange brain (Vaults:2)
  A flayed ghost (Vaults:2)
  10 sea snakes
  4 unseen horrors
  9 deep elf archers
  5 hill giants
  5 ironbrand convokers
  An orb spider (shapeshifter) (Vaults:1)
  6 orc knights
  A phantasmal warrior (Vaults:2)
  40 deep elf magi
  4 griffons
  An ugly thing (Vaults:1)
  2 hornets (Spider:4)
  A harpy (Shoals:4)
  2 wizards
  31 wolf spiders
  4 fauns
  4 orc sorcerers
  14 orb spiders
  5 manticores
  A water nymph (Shoals:2)
  6 cyclopes
  A moth of wrath (Spider:4)
  Maurice (D:11)
  18 elephants
  4 vault sentinels (Vaults:1)
  A black mamba (Lair:7)
  A gargoyle (D:15)
  8 sirens
  Joseph (D:7)
  11 spiny frogs
  A spiny frog (shapeshifter) (Vaults:1)
  A freezing wraith (Vaults:2)
  4 komodo dragons
  10 demonic crawlers
  11 yaktaurs
  A tengu conjurer (D:15)
  3 fire drakes
  3 kobold demonologists
  4 trolls
  39 jumping spiders
  23 merfolk
  21 slime creatures
  7 polar bears
  A wind drake (Shoals:4)
  12 snapping turtles
  8 two-headed ogres
  10 blink frogs
  A wind drake (shapeshifter) (Vaults:1)
  A boulder beetle (Lair:4)
  8 water elementals
  18 tarantellas
  68 redbacks
  3 vampires
  6 spriggans
  2 hogs (Shoals:2)
  A wraith (Vaults:1)
  36 yaks
  A fire elemental (Elf:2)
  5 wyverns
  A basilisk (D:12)
  6 hippogriffs
  2 hungry ghosts
  8 vampire mosquitoes
  3 wargs
  23 wolves
  4 mottled dragons
  16 water moccasins
  Duvessa (D:4)
  5 porcupines
  41 orc warriors
  6 black bears (Lair:1)
  A wasp (D:11)
  2 eyes of draining
  3 necrophages
  23 ogres
  2 boggarts (Elf:1)
  15 crocodiles
  8 centaurs
  3 big kobolds (D:15)
  17 giant frogs
  A gnoll sergeant (D:9)
  2 earth elementals
  3 scorpions
  Dowan (D:4)
  A water moccasin skeleton (D:8)
  15 killer bees
  2 wights (D:11)
  4 electric eels
  2 crimson imps
  2 giant frog zombies
  A quasit (D:8)
  4 centaur zombies
  32 orc priests
  6 hounds
  2 jellies
  A giant frog skeleton (D:8)
  7 iguanas
  16 orc wizards
  11 worker ants
  A killer bee zombie (D:8)
  16 sheep
  5 gnolls (D:9)
  8 adders
  59 river rats
  2 shadow imps
  8 white imps (Lair:2)
  3 oozes
  An adder skeleton (D:8)
  An adder zombie (D:7)
  2 worms
  A giant gecko (D:3)
  97 orcs
  4 giant cockroaches
  6 goblins
  9 hobgoblins
  10 jackals
  7 quokkas
  A ball python (D:2)
  15 bats
  2 giant gecko skeletons
  A giant gecko zombie (D:6)
  4 kobolds
  A quokka skeleton (D:4)
  17 rats
  5 plants
  3 tentacles (Shoals:4)
1239 creatures vanquished.

Vanquished Creatures (collateral kills)
  Louise (Shoals:2)
  A spark wasp (Spider:4)
  A merfolk javelineer (Shoals:2)
  An entropy weaver (Spider:4)
  A merfolk aquamancer (Shoals:4)
  3 wolf spiders
  A water nymph (Shoals:4)
  A moth of wrath (Spider:2)
  2 fauns (Shoals:2)
  3 jumping spiders (Spider:4)
  A snapping turtle (Shoals:4)
  13 redbacks
  2 tarantellas (Spider:4)
31 creatures vanquished.

Vanquished Creatures (others)
  A deep elf sorcerer (Elf:3)
  17 dancing weapons
  A merfolk aquamancer (Shoals:1)
  A sea snake (Shoals:3)
  4 humans (Shoals:2)
  An orc (Orc:2)
  9 fungi
  7 plants
  8 tentacles (Shoals:4)
  457 tentacle segments (Shoals:4)
506 creatures vanquished.

Grand Total: 1776 creatures vanquished

Notes
Turn   | Place    | Note
--------------------------------------------------------------
     0 | D:1      | ipx the Human Assassin began the quest for the Orb.
     0 | D:1      | Reached XP level 1. HP: 16/16 MP: 1/1
   254 | D:2      | Reached XP level 2. HP: 21/23 MP: 2/2
   349 | D:1      | Reached XP level 3. HP: 26/28 MP: 3/3
   817 | D:3      | Reached XP level 4. HP: 32/34 MP: 4/4
   908 | D:3      | Noticed Natasha
   916 | D:3      | Reached skill level 5 in Stealth
   934 | D:3      | Noticed Grinder
   935 | D:3      | Noticed a phantom
  1036 | D:2      | Reached skill level 1 in Maces & Flails
  1258 | D:3      | Reached XP level 5. HP: 37/41 MP: 5/5
  1376 | D:4      | Found an oddly glowing altar of Pakellas.
  1376 | D:4      | Found an ancient bone altar of Kikubaaqudgha.
  1390 | D:4      | Noticed Duvessa
  1390 | D:4      | Noticed Dowan
  1399 | D:4      | Reached XP level 6. HP: 30/47 MP: 6/6
  1411 | D:4      | Killed Dowan
  1414 | D:5      | Entered Level 5 of the Dungeon
  1508 | D:5      | Noticed an ogre
  1798 | D:4      | Killed Duvessa
  1798 | D:4      | Reached skill level 5 in Maces & Flails
  1798 | D:4      | Reached XP level 7. HP: 52/52 MP: 7/7
  2060 | D:5      | Reached skill level 6 in Maces & Flails
  2401 | D:6      | Reached XP level 8. HP: 58/58 MP: 8/8
  2422 | D:6      | Found a staircase to the Ecumenical Temple.
  2430 | Temple   | Entered the Ecumenical Temple
  2547 | Temple   | Became a worshipper of Gozag Ym Sagoz the Greedy
  2610 | D:7      | Reached skill level 7 in Maces & Flails
  2935 | D:7      | Reached skill level 8 in Maces & Flails
  2987 | D:8      | Noticed Joseph
  3010 | D:7      | Killed Joseph
  3010 | D:7      | Reached skill level 5 in Dodging
  3010 | D:7      | Reached XP level 9. HP: 39/63 MP: 9/9
  3167 | D:8      | Reached skill level 9 in Maces & Flails
  3210 | D:8      | Found Niphobb's Antique Armour Shop.
  3250 | D:8      | Bought a slimy helmet for 323 gold pieces
  3260 | D:8      | Identified the cursed +0 helmet "Okliqim" {rCorr} (You bought it in a shop on level 8 of the Dungeon)
  3894 | D:10     | Entered Level 10 of the Dungeon
  3961 | D:9      | Noticed a troll
  3988 | D:9      | Reached skill level 10 in Maces & Flails
  3988 | D:9      | Reached XP level 10. HP: 68/70 MP: 10/10
  4120 | D:9      | Found a glowing golden altar of the Shining One.
  4120 | D:9      | Found a burning altar of Makhleb.
  4124 | D:9      | Found an iron altar of Okawaru.
  4124 | D:9      | Found a sacrificial altar of Ru.
  4281 | D:9      | Found an iron altar of Okawaru.
  4490 | D:10     | Reached skill level 11 in Maces & Flails
  4576 | D:10     | Found a staircase to the Lair.
  4647 | Lair:1   | Entered Level 1 of the Lair of Beasts
  5042 | D:11     | Noticed a hill giant
  5083 | D:11     | Killed a hill giant
  5083 | D:11     | Reached skill level 5 in Fighting
  5104 | D:11     | Noticed a brown ugly thing
  5159 | D:11     | Noticed a white ugly thing
  5203 | D:11     | Noticed namelastname112's ghost (journeyman DrGl)
  5257 | D:11     | Noticed a deep elf mage
  5275 | D:11     | Killed a deep elf mage
  5275 | D:11     | Reached skill level 12 in Maces & Flails
  5290 | D:11     | Noticed a centaur warrior
  5333 | D:11     | Killed a centaur warrior
  5333 | D:11     | Reached XP level 11. HP: 45/82 MP: 11/11
  5614 | Lair:2   | Noticed Lathuz's ghost (journeyman TrMo)
  5833 | D:11     | Noticed Maurice
  5867 | D:11     | Killed Maurice
  5867 | D:11     | Reached skill level 1 in Armour
  5890 | D:11     | Noticed a four-headed hydra
  6006 | D:11     | Killed a four-headed hydra
  6304 | Lair:1   | Found a glowing golden altar of the Shining One.
  6783 | Lair:1   | Reached skill level 13 in Maces & Flails
  6834 | Lair:1   | Reached XP level 12. HP: 92/92 MP: 12/12
  7458 | Lair:2   | Reached skill level 14 in Maces & Flails
  7757 | Lair:3   | Identified a scroll of acquirement
  7758 | Lair:3   | Got a crude morningstar
  7759 | Lair:3   | Identified the +8 morningstar "Vihoroah" {elec, *Drain +Blink rN+} (You acquired it on level 3 of the Lair of Beasts)
  7802 | Lair:3   | Reached skill level 1 in Evocations
  8235 | Lair:4   | Reached XP level 13. HP: 44/98 MP: 15/15
  8334 | Lair:4   | Noticed a six-headed hydra
  8368 | Lair:4   | Reached skill level 15 in Maces & Flails
  8513 | Lair:5   | Reached skill level 5 in Evocations
  8733 | Lair:5   | Reached skill level 16 in Maces & Flails
  9066 | Lair:6   | Reached skill level 5 in Armour
  9272 | Lair:7   | Noticed a four-headed hydra
  9478 | Lair:8   | Entered Level 8 of the Lair of Beasts
  9522 | Lair:7   | Noticed a seven-headed hydra
  9542 | Lair:7   | Killed a seven-headed hydra
  9542 | Lair:7   | Reached XP level 14. HP: 64/108 MP: 18/18
 10254 | Lair:8   | Reached skill level 10 in Dodging
 10342 | Lair:8   | Reached skill level 10 in Fighting
 10941 | Lair:5   | Found a hole to the Spider Nest.
 11081 | Lair:4   | Found a staircase to the Shoals.
 11492 | D:12     | Noticed Snorg
 11540 | D:12     | Found a staircase to the Orcish Mines.
 11625 | D:12     | Found a shadowy altar of Dithmenos.
 11641 | D:12     | You fall through a shaft for 2 floors!
 11680 | D:14     | Bought a pair of faintly humming boots for 285 gold pieces
 11680 | D:14     | Bought a jewelled helmet for 285 gold pieces
 11680 | D:14     | Bought a runed cloak for 135 gold pieces
 11694 | D:14     | Identified the cursed +0 pair of boots of Ofivixul {rPois Int+4} (You bought it in a shop on level 14 of the Dungeon)
 11704 | D:14     | Identified the cursed +0 helmet "Reotisot" {rElec rF+ Int-5 Slay+3} (You bought it in a shop on level 14 of the Dungeon)
 11762 | D:14     | Reached XP level 15. HP: 113/118 MP: 21/21
 11910 | D:14     | Bought 2 potions of haste for 360 gold pieces
 11910 | D:14     | Bought a potion of agility for 72 gold pieces
 11910 | D:14     | Bought a potion of resistance for 180 gold pieces
 11910 | D:14     | Bought 2 potions of might for 144 gold pieces
 11910 | D:14     | Bought a potion of agility for 72 gold pieces
 11910 | D:14     | Bought a potion of curing for 54 gold pieces
 11910 | D:14     | Bought a potion of curing for 54 gold pieces
 11910 | D:14     | Bought a potion of curing for 54 gold pieces
 11926 | D:13     | Found a blossoming altar of Fedhas.
 11976 | D:12     | Noticed Erolcha
 12473 | D:15     | Entered Level 15 of the Dungeon
 12681 | D:15     | Learned a level 4 spell: Passage of Golubria
 12702 | D:15     | Found a runed door.
 12739 | D:15     | Reached skill level 1 in Spellcasting
 12739 | D:15     | Reached skill level 1 in Translocations
 12765 | D:15     | Found a staircase to the Depths.
 13178 | Orc:1    | Entered Level 1 of the Orcish Mines
 13185 | Orc:1    | Learned a level 5 spell: Phase Shift
 13251 | Orc:2    | Entered Level 2 of the Orcish Mines
 13712 | Orc:1    | Found a roughly hewn altar of Beogh.
 13885 | Orc:2    | Reached skill level 5 in Translocations
 13945 | Orc:2    | Found a roughly hewn altar of Beogh.
 13967 | Orc:2    | Reached XP level 16. HP: 87/127 MP: 23/23
 13972 | Orc:2    | Reached skill level 5 in Spellcasting
 14029 | Orc:2    | Found Cinek's Jewellery Emporium.
 14035 | Orc:2    | Bought an uncursed ring of see invisible for 225 gold pieces
 14035 | Orc:2    | Bought an uncursed ring of wizardry for 450 gold pieces
 14035 | Orc:2    | Bought the ring of Heqat {rF+ MR+} for 564 gold pieces
 14044 | Orc:2    | Learned a level 2 spell: Swiftness
 14047 | Orc:2    | Learned a level 2 spell: Passwall
 14054 | Orc:2    | Found Bakih's Assorted Antiques.
 14059 | Orc:2    | Bought a scroll of blinking for 255 gold pieces
 14171 | Orc:2    | Bought a bloodstained plate armour for 952 gold pieces
 14183 | Orc:2    | Identified the cursed +1 plate armour of Ehie {Regen+ Int+3} (You bought it in a shop on level 2 of the Orcish Mines)
 14710 | Orc:2    | Found Subroibo's Weapon Boutique.
 14793 | Orc:2    | Found a roughly hewn altar of Beogh.
 14878 | Orc:2    | Found Yvuof's Distillery.
 14924 | Orc:2    | Bought a potion of agility for 68 gold pieces
 14924 | Orc:2    | Bought a potion of agility for 68 gold pieces
 14924 | Orc:2    | Bought a potion of resistance for 170 gold pieces
 14924 | Orc:2    | Bought a potion of berserk rage for 85 gold pieces
 14924 | Orc:2    | Bought 2 potions of curing for 102 gold pieces
 14924 | Orc:2    | Bought a potion of curing for 51 gold pieces
 14985 | Orc:2    | Bought an uncursed ring of ice for 375 gold pieces
 14996 | Orc:2    | Bought a fuming cyan potion for 30 gold pieces
 15136 | D:12     | Killed Snorg
 15315 | Spider:1 | Entered Level 1 of the Spider Nest
 16103 | Spider:2 | Reached skill level 10 in Armour
 16472 | Spider:3 | Reached XP level 17. HP: 87/133 MP: 22/25
 16535 | Spider:3 | Gained mutation: You have large cloven feet. [potion of beneficial mutation]
 16553 | Spider:3 | Reached skill level 10 in Evocations
 16597 | Spider:4 | Entered Level 4 of the Spider Nest
 16761 | Spider:3 | Noticed Wiglaf
 18216 | Spider:4 | Got a gossamer rune of Zot
 18326 | Spider:4 | Reached XP level 18. HP: 82/146 MP: 26/26
 18518 | Lair:5   | Bought a scorched chain mail for 304 gold pieces
 18530 | Lair:5   | Identified the +11 chain mail of Ihalyph {-Tele Slay+2 Stlth+} (You bought it in a shop on level 5 of the Lair of Beasts)
 18612 | Shoals:1 | Entered Level 1 of the Shoals
 18801 | Shoals:2 | Learned a level 4 spell: Condensation Shield
 18824 | Shoals:2 | Noticed Kirke
 18870 | Shoals:2 | Killed Kirke
 18944 | Shoals:2 | Noticed Louise
 19102 | Shoals:2 | Killed Louise
 19840 | Shoals:3 | Learned a level 3 spell: Regeneration
 19944 | Shoals:4 | Entered Level 4 of the Shoals
 19979 | Shoals:4 | Upgraded the game from 0.18-a0-1243-g9e52518 to 0.18-a0-1267-gff090c1
 20273 | Shoals:4 | Noticed Ilsuiw
 20401 | Shoals:4 | Killed Ilsuiw
 20458 | Shoals:4 | Reached skill level 10 in Translocations
 20521 | Shoals:4 | Noticed a kraken
 20552 | Shoals:4 | Killed a kraken
 20796 | Shoals:4 | Got a barnacled rune of Zot
 21050 | Shoals:1 | Reached XP level 19. HP: 84/152 MP: 26/28
 21583 | Orc:2    | Found a staircase to the Elven Halls.
 21601 | Elf:1    | Entered Level 1 of the Elven Halls
 21933 | Elf:1    | Found Oxkiawax's Antique Weapon Boutique.
 21973 | Elf:1    | Learned a level 1 spell: Apportation
 22477 | Elf:2    | Found a huge runed gate.
 22598 | Elf:3    | Entered Level 3 of the Elven Halls
 22749 | Elf:3    | HP: 7/152 [deep elf knight/orb of energy (32)]
 23121 | Elf:3    | Noticed a deep elf blademaster
 23149 | Elf:3    | Killed a deep elf blademaster
 23465 | Elf:3    | Noticed a Hell Sentinel
 23471 | Elf:3    | Noticed Aizul
 23502 | Elf:3    | Killed Aizul
 23515 | Elf:3    | Reached XP level 20. HP: 79/159 MP: 29/31
 23637 | Elf:3    | Learned a level 5 spell: Silence
 23766 | Elf:3    | Learned a level 2 spell: Sublimation of Blood
 23786 | Elf:3    | Reached skill level 17 in Maces & Flails
 23877 | Elf:3    | Identified the Handbook of Arcane Weapons (You found it on level 3 of the Elven Halls)
 23885 | Elf:3    | Got a pitted morningstar
 23949 | Elf:3    | Identified the +5 morningstar "Transmigrator" {speed, rPois rF+ rC- Dex+5} (You found it on level 3 of the Elven Halls)
 23973 | Elf:3    | Got a heavily runed chain mail
 23984 | Elf:3    | Identified the +5 chain mail of Ysac {rElec Str+4} (You found it on level 3 of the Elven Halls)
 24753 | D:13     | Found a gate to the Vaults.
 24770 | Vaults:1 | Entered Level 1 of the Vaults
 25120 | Vaults:1 | Identified the Disquisition on Lightness (You found it on level 1 of the Vaults)
 25124 | Vaults:1 | Learned a level 2 spell: Repel Missiles
 25734 | Vaults:2 | Noticed kroki's ghost (adept MiBe)
 25824 | Vaults:2 | Reached XP level 21. HP: 61/165 MP: 11/34
 25906 | Vaults:2 | Quit the game

Vault maps used:
D:1:      minmay_arrival_stone_box, amethyst_killhole
D:2:      minmay_bisected
D:3:      uniq_natasha, uniq_grinder
D:4:      gammafunk_temple_overflow_statue, uniq_duvessa
D:5:      first_bread, uniq_sigmund
D:6:      minmay_temple_entry_glassed_door
D:8:      serial_shops, nicolae_shop_stone, uniq_joseph
D:9:      grunt_temple_overflow_open, basic_altar, the_bakery,
          lemuel_mausoleum_altar_yredelemnul
D:10:     grunt_lair_entry_orc_guard_hut
D:11:     nicolae_two_hexagons, uniq_maurice
D:12:     lemuel_insect_pit, orc_0_dummy, grunt_dithmenos_smoke_and_mirrors,
          uniq_snorg, uniq_erolcha
D:13:     erik_vaults_1, basic_altar
D:14:     onia_ninara_dug_in_and_dangerous
D:15:     grunt_enter_depths_hoard, serial_bayou_shore_b, minmay_st_funbox,
          st_stairs_6
Temple:   minmay_temple_curvy_14
Lair:1:   beast_lair_carwin_large_4, basic_altar, infiniplex_staircase_pool_2,
          lemuel_fruit_fields
Lair:2:   portal_ice_cave_entry_imps
Lair:3:   nicolae_volcano_entry_s_turn
Lair:4:   minmay_shoals_entry_hut
Lair:5:   beast_lair_carwin_large_1, spider_nest_entry_funnel_web,
          serial_bayou_pond_c, wad_woods_01
Lair:6:   slime_altar_1, st_stairs_9, eino_house_with_fridge
Lair:8:   evilmike_catoblepas_cave, serial_bayou_pond_e, st_stairs_3,
          serial_bayou_lagoon_a
Shoals:1: nicolae_shoals_aquamancer_cove
Shoals:2: nicolae_shoals_square_sea_wall, uniq_louise, uniq_kirke
Shoals:3: abandoned_shop
Shoals:4: shoals_end_simple, shoals_ilsuiw_ice
Spider:3: uniq_wiglaf
Spider:4: grunt_spider_rune_circles, nicolae_spider_cling_ruins
Orc:1:    abandoned_shop, bh_open_orc_temple
Orc:2:    pubby_orc_utopia
Elf:1:    minmay_elf_arrival_summoners, serial_shops, shop_fountains,
          hangedman_elf_disciples, hex_medium
Elf:2:    nrook_uturn
Elf:3:    minmay_elf_hall, uniq_aizul
Vaults:1: hangedman_vaults_stitches, hangedman_vaults_corner_blocks, v_misc_33,
          vaults_dpeg_ring, dpeg_vaults_monster_box, ontoclasm_vaults_pinch,
          hangedman_vaults_impose, v_misc_16, nicolae_vaults_little_squares_2,
          nicolae_vaults_yaktaur_gun_rack
Vaults:2: ontoclasm_vaults_eye, v_misc_4, hangedman_vaults_trim, v_rooms_1,
          v_rooms_2, vaults_standard_mumra_lines,
          nicolae_vaults_little_squares_3, uniq_jorgrun

Action                   |  1- 3 |  4- 6 |  7- 9 | 10-12 | 13-15 | 16-18 | 19-21 || total
-------------------------+-------+-------+-------+-------+-------+-------+-------++-------
Melee: Dagger            |    76 |     4 |    13 |    32 |       |       |       ||   125
       Whip              |    30 |   114 |   280 |   627 |       |       |       ||  1051
       Mace              |       |       |    40 |       |       |       |       ||    40
       Flail             |       |       |    12 |     5 |       |       |       ||    17
       Dire flail        |       |       |       |   190 |       |       |       ||   190
       Morningstar       |       |       |       |   134 |  1153 |  1585 |  1124 ||  3996
 Fire: Blowgun           |     1 |    12 |    22 |    89 |       |       |       ||   124
Throw: Throwing net      |       |       |       |     6 |     1 |     6 |     4 ||    17
 Cast: Passage of Golubr |       |       |       |       |       |     1 |       ||     1
       Apportation       |       |       |       |       |       |       |     2 ||     2
       Phase Shift       |       |       |       |       |       |       |     1 ||     1
Invok: Potion Petition   |       |       |       |     1 |     1 |     3 |     6 ||    11
       Call Merchant     |       |       |       |       |     2 |     1 |       ||     3
 Abil: Evoke Blink       |       |       |       |       |     1 |    15 |       ||    16
       Evoke Flight      |       |       |       |       |       |    20 |     3 ||    23
       Stop Flying       |       |       |       |       |       |     4 |       ||     4
Evoke: Wand              |       |       |       |     2 |    15 |    45 |       ||    62
       Sack of spiders   |       |       |       |       |       |    16 |       ||    16
       Fan of gales      |       |       |       |       |       |     1 |       ||     1
       Box of beasts     |       |       |       |       |       |     2 |     1 ||     3
  Use: Scroll            |       |    13 |     4 |     9 |    12 |    21 |     6 ||    65
       Potion            |       |       |     1 |     3 |     9 |    32 |    10 ||    55
 Stab: Sleeping          |     5 |     5 |    16 |    18 |    20 |     1 |       ||    65
       Distracted        |       |       |     2 |     9 |    19 |    22 |    10 ||    62
       Held in net/web   |       |       |       |     2 |     1 |     9 |     1 ||    13
       Invisible         |       |       |       |     7 |    16 |       |       ||    23
       Confused          |       |       |       |       |       |    18 |       ||    18
  Eat: Chunk             |       |     3 |     2 |       |       |       |       ||     5
       Fruit             |       |       |     1 |     1 |     1 |       |       ||     3
       Pizza             |       |       |     1 |       |     1 |       |     1 ||     3
       Beef jerky        |       |       |     1 |       |       |     3 |     1 ||     5
       Bread ration      |       |       |     1 |     3 |     5 |     5 |     4 ||    18
       Royal jelly       |       |       |       |       |       |     2 |     1 ||     3
